 Dungeon Crawl Stone Soup version 0.32-a0-471-gb91d5d9764 (webtiles) character file.

Game seed: 6242819945270616235

11949 SeneschalOfTtheSun the Thaumaturge (level 11, -21/90 HPs)
             Began as a Mummy Ice Elementalist on Feb 25, 2024.
             Was a Believer of Kikubaaqudgha.
             Demolished by a catoblepas (22 damage)
             ... on level 1 of the Lair of Beasts.
             The game lasted 00:19:34 (12991 turns).

SeneschalOfTtheSun the Thaumaturge (MuIE)          Turns: 12991, Time: 00:19:35

Health: -21/90     AC:  9    Str: 11    XL:     11   Next: 56%
Magic:  13/34      EV: 14    Int: 21    God:    Kikubaaqudgha [**....]
Gold:   227        SH:  0    Dex: 14    Spells: 21/30 levels left

rFire   x . .        h - +5 short sword of the Tent {flame, Will+}
rCold   + + .        (no shield)
rNeg    + + +        g - +3 leather armour "Duckuxtucru" {rPois rC+ Int+3}
rPois   ∞            (no helmet)
rElec   .            s - +0 cloak
rCorr   .            C - +1 pair of gloves
SInv    .            (no boots)
Will    ++...        (no amulet)
Stlth   +++          q - ring of magical power
HPRegen 0.35/turn    n - ring of wizardry
MPRegen 0.24/turn

%: faith, wizardry (x1)
@: no status effects
A: cold resistance 1, negative energy resistance 3, torment resistance 2, heat
vulnerability 1, in touch with death 1, no potions, faith
a: Renounce Religion, Unearth Wretches


You were on level 1 of the Lair of Beasts.
You worshipped Kikubaaqudgha.
Kikubaaqudgha was pleased with you.
You visited 3 branches of the dungeon, and saw 13 of its levels.
You also visited: Ossuary.

You collected 587 gold pieces.
You spent 360 gold pieces at shops.

Inventory:

Hand Weapons
 h - the +5 short sword of the Tent (weapon) {flame, Will+}
   (You found it on level 2 of the Dungeon)

   Will+:     It increases your willpower.
 m - a +0 rapier
Missiles
 E - a curare-tipped dart
 F - 2 throwing nets
Armour
 a - a +0 robe
 d - a +0 helmet
 g - the +3 leather armour "Duckuxtucru" (worn) {rPois rC+ Int+3}
   (You found it on level 2 of the Dungeon)

   Int+3:     It affects your intelligence (+3).
   rC+:       It protects you from cold.
   rPois:     It protects you from poison
 s - a +0 cloak (worn)
 y - a +0 pair of gloves
 C - a +1 pair of gloves (worn)
Jewellery
 n - a ring of wizardry (right hand)
 o - a +6 ring of strength
 p - a ring of resist corrosion
 q - a ring of magical power (left hand)
 B - a ring of magical power
 D - a +6 ring of strength
Wands
 c - a wand of paralysis (6)
 l - a wand of flame (30)
 z - a wand of polymorph (1)
Scrolls
 b - a scroll of teleportation {@r3}
 e - 5 scrolls of amnesia {unknown}
 f - 4 scrolls of blinking {unknown}
 i - a scroll of vulnerability {!r}
 j - 3 scrolls of noise
 k - a scroll of enchant armour
 t - 3 scrolls of immolation {unknown}
 u - 3 scrolls of revelation {@r5}
 v - a scroll of fog {@r2}
 w - 3 scrolls of poison
 x - a scroll of fear
 A - a scroll of acquirement
 G - a scroll of enchant weapon {unknown}


   Skills:
 - Level 10.0 Fighting
 - Level 7.0 Dodging
 - Level 5.0 Stealth
 - Level 10.0 Spellcasting
 + Level 4.7 Hexes
 + Level 4.2 Summonings
 - Level 6.0 Ice Magic


You had 21 spell levels left.
You knew the following spells:

 Your Spells              Type           Power      Damage    Failure   Level
f - Freeze                Ice            100%       1d10      1%          1
m - Summon Mana Viper     Hex/Summ       29%        N/A       16%         5
s - Summon Ice Beast      Ice/Summ       32%        N/A       1%          3

Your spell library contained the following spells:

 Spells                   Type           Power      Damage    Failure   Level
 Ensorcelled Hibernation  Hex/Ice        64%        N/A       1%          2
 Frozen Ramparts          Ice            70%        1d11      1%          3
 Ozocubu's Armour         Ice            35%        N/A       1%          3
 Kiss of Death            Conj/Necr      60%        2d10      3%          1
 Necrotise                Necr           60%        1d7       3%          1
 Sting                    Conj/Alch      40%        1d5       3%          1
 Dazzling Flash           Conj/Hex       40%        N/A       4%          3
 Mercury Vapours          Alch/Air       20%        N/A       5%          2
 Fugue of the Fallen      Necr           15%        N/A       11%         3
 Passwall                 Erth           10%        N/A       11%         3
 Swiftness                Air            10%        N/A       11%         3
 Vampiric Draining        Necr           15%        2d7       11%         3
 Volatile Blastmotes      Fire/Tloc      20%        2d11      11%         3
 Martyr's Knell           Necr/Summ      29%        N/A       14%         4
 Olgreb's Toxic Radiance  Alch           10%        N/A       32%         4
 Curse of Agony           Necr           15%        N/A       65%         5
 Starburst                Conj/Fire      5%         6d4       99%         6
 Monstrous Menagerie      Summ           14%        N/A       99%         7
 Maxwell's Capacitive Co  Air            5%         ∞         100%        8


Dungeon Overview and Level Annotations

Branches:
Dungeon (10/15)            Temple (1/1) D:4            Lair (2/5) D:8
    Orc (0/2) D:9         Ossuary (visited)
  Swamp: Lair:2-3    Shoals: Lair:2-3     Snake: Lair:2-3    Spider: Lair:2-3

Altars:
Ashenzari
Cheibriados
Dithmenos
Fedhas
Gozag
Hepliaklqana
Kikubaaqudgha
Makhleb
Nemelex Xobeh
Okawaru
Qazlal
Ru
Sif Muna
Trog
Uskayaw
Vehumet
Wu Jian
Xom
Yredelemnul

Shops:
D:4 :

Annotations:
D:3 3 runed translucent doors, TobyConnect's ghost, amateur OpFi
D:7 2 transporters, TobyConnect's ghost, novice OpFi
D:9 exclusion: statue
Lair:1 exclusion: oklob plant


Innate Abilities, Weirdness & Mutations

You are immune to poison.
Your flesh is cold resistant. (rC+)
You are immune to negative energy. (rN+++)
You are immune to unholy pain and torment.
You are vulnerable to heat. (rF-)
You are in touch with the powers of death.
You do not drink.
You have a special connection with the divine. (Faith)


Message History

The wyvern bites your ice beast!
Your ice beast dies!
Your ice beast disappears in a puff of smoke!
Casting: Freeze (safe; 1% risk of failure)
Confirm with . or Enter, or press ? or * to list all spells.
A chill wind blows around you.
The bush is engulfed in calcifying dust.
The bush turns to stone!
The wyvern is engulfed in calcifying dust.
The wyvern is moving more slowly.
The wyvern bites you.
* * * LOW HITPOINT WARNING * * *
The catoblepas breathes a plume of calcifying dust at you.
The blast of calcifying dust hits you.
* * * LOW HITPOINT WARNING * * *
The plant is engulfed in calcifying dust.
The wyvern is engulfed in calcifying dust.
The wyvern stops moving altogether!
The catoblepas breathes a plume of calcifying dust at you.
The blast of calcifying dust hits you.
* * * LOW HITPOINT WARNING * * *
The wyvern is engulfed in calcifying dust.
Your ice beast hits the catoblepas but does no damage.
The plant is engulfed in calcifying dust.
The plant turns to stone!
The catoblepas gores your ice beast!!
Your ice beast hits the catoblepas but does no damage.
Unknown command.
The catoblepas breathes a plume of calcifying dust at you.
The blast of calcifying dust hits you.
* * * LOW HITPOINT WARNING * * *
Your ice beast barely misses the catoblepas.
Things that are here:
a +0 short sword; a +0 robe The catoblepas breathes a plume of calcifying dust at you.
The blast of calcifying dust hits you.
* * * LOW HITPOINT WARNING * * *
Your ice beast hits the catoblepas but does no damage.
The plant is engulfed in calcifying dust.
A nearby plant withers and dies.
The catoblepas gores you!!
You die...
Kikubaaqudgha rasps: You have failed me!
Welcome... oblivion!

........♣####........# ####♣P
.P......♣..##.......>. ......
...P..§..♣###......... ....♣.
......§..♣.##......... ......
#####..§....§.......... ......
#$..#..§..P§.....<..... ......
#.?.'..§..§..#......... ......
..#$..#..§.§...##....)### ......
..#####.@§§...###.....# ....♣.
.....P..kYY.♣.###.....# .....P
.P...P...P§§..###......##
...............P...♣..###......#
...............P...♣..........##
...!.♣...........§♣...........#
........♣.......♣§.#######....#
..........P...♣....# #....#
.......#...........# #....#


You could see a catoblepas (ally target), a wyvern (petrified) and a friendly
ice beast (summoned).

Vanquished Creatures
  Erolcha (D:9)
  Maurice (D:7)
  A black mamba (Lair:2)
  A cane toad (Lair:1)
  A komodo dragon (Lair:1)
  Sigmund (D:3)
  2 wyverns
  6 yaks
  2 basilisks
  A steam dragon (D:8)
  A vampire mosquito (D:10)
  5 water moccasins
  An orc warrior (D:6)
  An ice beast (D:6)
  2 black bears
  5 centaurs
  4 kobold brigands
  5 bullfrogs
  A gnoll sergeant (D:10)
  4 water moccasin zombies (Ossuary)
  4 scorpions
  8 wights
  A killer bee (D:10)
  3 electric eels (D:7)
  5 howler monkeys
  A bombardier beetle (D:2)
  3 hounds
  Crazy Yiuf (D:5)
  4 orc priests
  An iguana (D:6)
  Jessica (D:2)
  A scorpion zombie (D:3)
  Ijyb (D:4)
  3 orc wizards
  5 adders
  A shadow imp (D:7)
  2 ufetubi (D:5)
  2 adder zombies (Ossuary)
  A dart slug (D:5)
  10 orcs
  10 endoplasms
  6 giant cockroaches
  5 goblins
  7 hobgoblins
  3 jackals (D:1)
  2 quokkas
  6 ball pythons
  4 bats
  6 frilled lizards
  2 gnoll zombies (Ossuary)
  4 jackal zombies
  25 kobolds
  3 orc zombies (Ossuary)
  4 rats
191 creatures vanquished.

Vanquished Creatures (collateral kills)
  Erica (D:9)
  A cyclops (D:9)
  A black mamba (Lair:1)
  A rime drake (Lair:1)
  A komodo dragon (D:8)
  A hornet (D:10)
  A wraith (D:10)
  A spriggan (Lair:1)
  7 yaks
  A vampire mosquito (D:10)
  A water moccasin (D:8)
  An ice beast (D:6)
  An orc warrior (D:8)
  2 ogres
  2 water moccasin zombies (Ossuary)
  A burial acolyte (Ossuary)
  5 howler monkeys
  2 orc priests
  A hound (D:7)
  A spectral scorpion (Ossuary)
  A gnoll bouda (D:9)
  2 sleepcaps (D:5)
  An iguana (D:6)
  An orc wizard (D:9)
  A crocodile zombie (Ossuary)
  2 mummies (Ossuary)
  2 adders
  3 adder zombies (Ossuary)
  4 orcs
  8 gnoll zombies (Ossuary)
  2 jackal zombies (Ossuary)
  15 kobolds
  3 orc zombies (Ossuary)
78 creatures vanquished.

Grand Total: 269 creatures vanquished

Notes
Turn   | Place    | Note
-------+----------+-------------------------------------------
     0 | D:1      | SeneschalOfTtheSun the Mummy Ice Elementalist began the
                  | quest for the Orb.
     0 | D:1      | Reached XP level 1. HP: 13/13 MP: 4/4
   188 | D:1      | Reached XP level 2. HP: 14/20 MP: 2/5
   839 | D:1      | Reached skill level 1 in Fighting
  1118 | D:1      | Reached XP level 3. HP: 25/26 MP: 4/7
  1469 | D:2      | Noticed Jessica
  1475 | D:2      | Killed Jessica
  1476 | D:2      | Reached XP level 4. HP: 32/32 MP: 6/9
  1479 | D:2      | Identified the +3 leather armour "Duckuxtucru" {rPois rC+
                  | Int+3}
  1515 | D:2      | Identified the +5 short sword of the Tent {flame, Will+}
  1823 | D:3      | Found a sacrificial altar of Ru.
  2060 | D:3      | Found a stormy altar of Qazlal.
  2115 | D:3      | Found a bloodstained altar of Trog.
  2116 | D:3      | Noticed Sigmund
  2125 | D:3      | Killed Sigmund
  2126 | D:3      | Reached XP level 5. HP: 23/39 MP: 4/11
  2126 | D:3      | Reached XP level 6. HP: 27/46 MP: 4/12
  2278 | D:3      | Found a runed translucent gate.
  2278 | D:3      | Found a runed translucent gate.
  2278 | D:3      | Found a runed translucent gate.
  2278 | D:3      | Noticed TobyConnect's ghost (amateur OpFi)
  2280 | D:3      | Found a basalt altar of Yredelemnul.
  2672 | D:4      | Found a broken altar of Ashenzari.
  2801 | D:4      | Found a sparkling altar of Nemelex Xobeh.
  2809 | D:4      | Noticed a water moccasin
  2819 | D:4      | Killed a water moccasin
  2820 | D:4      | Reached XP level 7. HP: 38/51 MP: 6/14
  3018 | D:4      | Found Rosajoir's Book Boutique.
  3149 | D:4      | Noticed Ijyb
  3157 | D:4      | Killed Ijyb
  3158 | D:4      | Reached skill level 5 in Spellcasting
  3164 | D:4      | Found a staircase to the Ecumenical Temple.
  3645 | Temple   | Entered the Ecumenical Temple
  3654 | D:4      | Learned a level 3 spell: Summon Ice Beast
  3660 | D:5      | Entered Level 5 of the Dungeon
  3817 | D:5      | Found an iron altar of Okawaru.
  4289 | D:5      | Reached XP level 8. HP: 57/60 MP: 10/16
  4694 | D:5      | Found a blossoming altar of Fedhas.
  4794 | D:5      | Found a runed translucent door.
  4795 | D:5      | Noticed Crazy Yiuf
  5016 | D:5      | Killed Crazy Yiuf
  5404 | D:6      | Reached skill level 5 in Ice Magic
  5668 | D:6      | Found a sand-covered staircase.
  5688 | Ossuary  | Entered an ossuary
  6202 | Ossuary  | Reached skill level 5 in Stealth
  6376 | Ossuary  | Reached skill level 5 in Fighting
  6386 | Ossuary  | Reached XP level 9. HP: 40/68 MP: 10/19
  7105 | D:7      | Reached skill level 5 in Dodging
  7422 | D:7      | Found a burning altar of Makhleb.
  7429 | D:7      | Noticed Maurice
  7439 | D:7      | Killed Maurice
  7577 | D:7      | Found an ancient bone altar of Kikubaaqudgha.
  7716 | D:7      | Found a transporter.
  7718 | D:7      | Found a transporter.
  7731 | D:7      | Noticed a queen bee
  7737 | D:7      | Noticed TobyConnect's ghost (novice OpFi)
  7932 | D:7      | Became a worshipper of Kikubaaqudgha
  8030 | D:7      | Reached XP level 10. HP: 29/79 MP: 18/22
  8207 | D:7      | Identified a scroll of acquirement
  8930 | D:8      | Found a hazy altar of Hepliaklqana.
  8954 | D:8      | Reached * piety under Kikubaaqudgha
  8954 | D:8      | Received a gift from Kikubaaqudgha
  9035 | D:8      | Found a staircase to the Lair.
  9111 | D:8      | Found a shimmering altar of Xom.
  9499 | D:4      | Bought a book of Beasts for 360 gold pieces
  9588 | D:9      | Found a staircase to the Orcish Mines.
  9675 | D:9      | Noticed Erolcha
  9700 | D:9      | Killed Erolcha
  9701 | D:9      | Reached skill level 10 in Spellcasting
  9931 | D:9      | Noticed a cyclops
  9961 | D:9      | Killed a cyclops
 10092 | D:9      | Noticed Erica
 10106 | D:9      | Killed Erica
 10194 | D:9      | Found a radiant altar of Vehumet.
 10855 | D:9      | Reached XP level 11. HP: 83/90 MP: 25/25
 10946 | D:9      | Reached skill level 10 in Fighting
 11237 | D:10     | Entered Level 10 of the Dungeon
 11256 | D:10     | Reached skill level 1 in Hexes
 11258 | D:10     | Reached ** piety under Kikubaaqudgha
 11259 | D:10     | Reached skill level 1 in Summonings
 11478 | D:10     | Identified the ring "Secruimu" {rPois rC+ rN+ Str-4 Int+6}
 11480 | D:10     | Noticed an orc knight
 11696 | D:9      | Learned a level 5 spell: Summon Mana Viper
 11732 | D:10     | Found a snail-covered altar of Cheibriados.
 11744 | D:10     | Noticed a deep elf knight
 11868 | Lair:1   | Entered Level 1 of the Lair of Beasts
 12552 | Lair:1   | Noticed an oklob plant
 12642 | Lair:1   | You fall into a shaft and drop 1 floor!
 12642 | Lair:2   | Found the +4 skin of Zhor {*Englaciate rC+++ SInv}
 12954 | Lair:1   | Noticed a catoblepas
 12989 | Lair:1   | HP: 3/90 [catoblepas/blast of calcifying dust (6)]
 12990 | Lair:1   | HP: 1/90 [catoblepas/blast of calcifying dust (3)]
 12991 | Lair:1   | Demolished by a catoblepas

Illustrated notes

Levels and vault maps discovered:
D:1:      minmay_arrival_diagonal_passages, layout_loops_corners
D:2:      layout_rooms, uniq_jessica
D:3:      layout_rooms, old_standard_altar, nicolae_yredelemnul_ghost_church,
          nicolae_tso_swordbearing_angel, overflow_temple_1_default,
          mainiacjoe_overflow_boulevard, uniq_sigmund
D:4:      layout_loops_ring, mainiacjoe_overflow_24_doors, old_standard_altar,
          minmay_temple_entry_grid, serial_shops, shop, uniq_ijyb
D:5:      kennysheep_kobold_camp, layout_rooms, okawaru_ov_weapons_minmay,
          lemuel_tele_altar, ebering_dispersal_statue_hall,
          uniq_crazy_yiuf_cottage
D:6:      layout_basic, nicolae_ossuary_entry_ruins
D:7:      layout_rooms, mainiacjoe_overflow_catwalk, kennysheep_little_box,
          gammafunk_ghost_hive, roderic_three_in_a_row, st_stairs_14,
          kennysheep_path_1, minivault_14, uniq_maurice
D:8:      layout_cave_pools, kennysheep_mini, marbit_many_paths,
          lemuel_coloured_pillars_altar, david_lair_shrubbed
D:9:      layout_basic, vehumet_statue, dreamdust_gnoll_shepherd, uniq_erica,
          uniq_erolcha
D:10:     nzn_winding_woodlands_large [nzn_winding_woodlands_5x5_perimeter,
          nzn_winding_woodlands_5x15_jagged, nzn_winding_woodlands_hourglass,
          nzn_winding_woodlands_center_triple_pond,
          nzn_winding_woodlands_15x15_five_gardens,
          nzn_winding_woodlands_center_diamonds,
          nzn_winding_woodlands_5x5_three, nzn_winding_woodlands_5x15_parted,
          nzn_winding_woodlands_5x5_closed_star], layout_long_grid,
          overflow_temple_1_default, grunt_decor_one_mirror, st_stairs_4
Temple:   nicolae_temple_stand_before_the_council
Lair:1:   layout_chaotic_city, grunt_forest_large_clearing_hut
Lair:2:   layout_gridlike, minmay_shoals_entry_hut, alex1729_snake_entry_snake,
          serial_bayou_lagoon_a, serial_bayou_pond_b,
          hellmonk_guarded_unrand_zhor

Skill      XL: |  1  2  3  4  5  6  7  8  9 10 11 |
---------------+----------------------------------+-----
Spellcasting   | 3 4 5 6 8 10 | 10.0
Fighting       | 1 2 3 5 7 9 10 | 10.0
Stealth        | 2 3 4 5 |  5.0
Dodging        | 2 3 4 6 7 |  7.0
Ice Magic      | 4 5 6 |  6.0
Hexes          | 4 |  4.7
Summonings     | 4 |  4.2

Action                     |  1- 3 |  4- 6 |  7- 9 | 10-12 || total
---------------------------+-------+-------+-------+-------++-------
  Melee: Unarmed           |    14 |       |       |       ||    14
         Short sword       |       |    17 |    62 |    11 ||    90
   Cast: Freeze            |    49 |    51 |   297 |   217 ||   614
         Summon Ice Beast  |       |       |    39 |    48 ||    87
  Evoke: Wand              |       |       |    17 |    11 ||    28
    Use: Scroll            |       |       |       |    12 ||    12
   Stab: Sleeping          |       |     1 |     1 |       ||     2
 Armour: Robe              |    26 |       |       |       ||    26
         Leather armour    |       |    39 |   249 |   247 ||   535
  Dodge: Dodged            |    32 |    37 |   208 |   204 ||   481

Table legend: (Time is in decaauts)
 A = Elapsed time spent in this place.
 B = Non-inter-level travel time spent in this place.
 C = Inter-level travel time spent in this place.
 D = Time resting spent in this place.
 E = Time spent auto-exploring this place.
 F = Levels seen in this place.
 G = Mean time per level.
                   A        B        C        D        E       F      G
               +--------+--------+--------+--------+--------+-----+--------+
         Total |  13004 |  12243 |    761 |   1236 |   8906 |  14 |  928.9 |
       Dungeon |  10894 |  10136 |    758 |   1164 |   7381 |  10 | 1089.4 |
        Temple |      1 |      1 |      0 |      0 |      0 |   1 |    1.0 |
          Lair |   1123 |   1121 |      2 |      0 |    887 |   2 |  561.5 |
       Ossuary |    984 |    984 |      0 |     72 |    638 |   1 |  984.0 |
               +--------+--------+--------+--------+--------+-----+--------+

Top non-repeatable levels by time:
     D:5: 1580 daAuts
     D:9: 1516 daAuts
     D:8: 1448 daAuts
     D:7: 1295 daAuts
     D:1: 1223 daAuts
     D:4: 1107 daAuts
     D:6: 996 daAuts
  Lair:1: 996 daAuts
 Ossuary: 984 daAuts
     D:3: 843 daAuts
     D:2: 561 daAuts
    D:10: 322 daAuts
  Lair:2: 127 daAuts
  Temple: 1 daAuts
